ITL
WABA DUCKS @ BIRMINGHAM BARONS
06/02/2027
 
TOP OF THE 1ST
Waba Ducks batting - Pitching for Birmingham Barons : RHP Stanley Briggs
Pitching: RHP Stanley Briggs
Batting: LHB Javier Orozco 0-0: Foul Ball, location: 2F
0-1: Ball
1-1: Swinging Strike
1-2: Foul Ball, location: 2F
1-2: Ball
2-2: Ground out U3 (Groundball, 34S)
Batting: RHB Pedro Molina 0-0: Swinging Strike
0-1: Called Strike
0-2: Ground out 6-3 (Groundball, 6M)
Batting: LHB José Román 0-0: Swinging Strike
0-1: Foul Ball, location: 2F
0-2: Strikes out looking
Top of the 1st over - 0 run(s), 0 hit(s), 0 error(s), 0 left on base; Waba 0 - Birmingham 0
BOTTOM OF THE 1ST
Birmingham Barons batting - Pitching for Waba Ducks : RHP Fernando Guzmán
Pitching: RHP Fernando Guzmán
Batting: LHB Al Gaines 0-0: Ball
1-0: SINGLE (Line Drive, 9S)
Batting: RHB Warren Martin 0-0: Ball
1-0: Ball
2-0: Ball
3-0: Called Strike
3-1: Foul Ball, location: 2F
3-2: Strikes out swinging
Batting: RHB Yujiro Kurihara 0-0: Ball
1-0: Ball
Al Gaines steals 2nd base
2-0: Ball
3-0: Base on Balls
Batting: RHB Jean-Paul St-Pierre 0-0: Foul Ball, location: 2F
0-1: Swinging Strike
0-2: Strikes out swinging
Batting: RHB Vicente Elías 0-0: Foul Ball, location: 2F
0-1: Foul Ball, location: 2F
0-2: Ball
1-2: Strikes out swinging
Bottom of the 1st over - 0 run(s), 1 hit(s), 0 error(s), 2 left on base; Waba 0 - Birmingham 0
TOP OF THE 2ND
Waba Ducks batting - Pitching for Birmingham Barons : RHP Stanley Briggs
Batting: RHB Chris Osborn 0-0: Ball
1-0: Called Strike
1-1: Called Strike
1-2: Strikes out looking
Batting: RHB Paul Spencer 0-0: Fly out, F8 (Flyball, 8RM)
Batting: RHB Jeremy Flemming 0-0: Swinging Strike
0-1: Ball
1-1: Fly out, F5 (Flyball, 5D)
Top of the 2nd over - 0 run(s), 0 hit(s), 0 error(s), 0 left on base; Waba 0 - Birmingham 0
BOTTOM OF THE 2ND
Birmingham Barons batting - Pitching for Waba Ducks : RHP Fernando Guzmán
Batting: RHB Peyton Yardley 0-0: Ball
1-0: Fly out, F6 (Line Drive, 6)
Batting: RHB Juan Jiménez 0-0: Foul Ball, location: 2F
0-1: Foul Ball, location: 2F
0-2: Ball
1-2: Ball
2-2: Strikes out swinging
Batting: RHB José Carlos Caraballo 0-0: Ball
1-0: Ground out U3 (Groundball, 34)
Bottom of the 2nd over - 0 run(s), 0 hit(s), 0 error(s), 0 left on base; Waba 0 - Birmingham 0
TOP OF THE 3RD
Waba Ducks batting - Pitching for Birmingham Barons : RHP Stanley Briggs
Batting: LHB Howard Evans 0-0: Ground out 4-3 (Groundball, 4)
Batting: RHB Shaun Puckett 0-0: Ball
1-0: Ball
2-0: Ball
3-0: Called Strike
3-1: Foul Ball, location: 2F
3-2: Base on Balls
Batting: RHB Ángelo García 0-0: Called Strike
0-1: Fly out, F7 (Flyball, 7)
Batting: LHB Javier Orozco 0-0: Fly out, F8 (Flyball, 8LM)
Top of the 3rd over - 0 run(s), 0 hit(s), 0 error(s), 1 left on base; Waba 0 - Birmingham 0
BOTTOM OF THE 3RD
Birmingham Barons batting - Pitching for Waba Ducks : RHP Fernando Guzmán
Batting: RHB Vicente Carona 0-0: Ball
1-0: Foul Ball, location: 2F
1-1: Fly out, F4 (Line Drive, 4)
Batting: LHB Al Gaines 0-0: DOUBLE (Line Drive, 9LM)
Batting: RHB Warren Martin 0-0: Ball
1-0: Ball
2-0: Ball
3-0: Base on Balls
Batting: RHB Yujiro Kurihara 0-0: Called Strike
0-1: Foul Ball, location: 2F
0-2: Foul Ball, location: 2F
0-2: Ball
1-2: Fly out, F9 (Line Drive, 9)
Batting: RHB Jean-Paul St-Pierre 0-0: Ball
1-0: Foul Ball, location: 2F
1-1: Ball
2-1: Foul Ball, location: 2F
2-2: Ball
3-2: Foul Ball, location: 2F
3-2: Foul Ball, location: 2F
3-2: SINGLE (Flyball, 4MD)
Al Gaines to third
Warren Martin to second
Al Gaines scores
Warren Martin to third
Batting: RHB Vicente Elías 0-0: Ball
1-0: Called Strike
1-1: Fielders Choice at 2nd, 5-4 (Groundball, 5)
Bottom of the 3rd over - 1 run(s), 2 hit(s), 0 error(s), 1 left on base; Waba 0 - Birmingham 1
TOP OF THE 4TH
Waba Ducks batting - Pitching for Birmingham Barons : RHP Stanley Briggs
Batting: RHB Pedro Molina 0-0: Ball
1-0: Ball
2-0: Ball
3-0: Base on Balls
Batting: LHB José Román 0-0: Called Strike
0-1: Ball
1-1: Fly out, F8 (Line Drive, 8LM)
Batting: RHB Chris Osborn 0-0: Ball
1-0: Called Strike
1-1: Foul Ball, location: 2F
1-2: Strikes out swinging
Batting: RHB Paul Spencer 0-0: Called Strike
0-1: Swinging Strike
0-2: Strikes out looking
Top of the 4th over - 0 run(s), 0 hit(s), 0 error(s), 1 left on base; Waba 0 - Birmingham 1
BOTTOM OF THE 4TH
Birmingham Barons batting - Pitching for Waba Ducks : RHP Fernando Guzmán
Batting: RHB Peyton Yardley 0-0: Ball
1-0: SINGLE (Line Drive, 8LS)
Batting: RHB Juan Jiménez 0-0: Called Strike
0-1: Foul Ball, location: 2F
0-2: Ball
1-2: Ball
2-2: SINGLE (Flyball, 7S)
Peyton Yardley to second
Batting: RHB José Carlos Caraballo 0-0: Ball
1-0: Foul Ball, location: 2F
1-1: Called Strike
1-2: Fly out, F9 (Flyball, 9)
Batting: RHB Vicente Carona 0-0: Called Strike
0-1: Called Strike
0-2: Ball
1-2: Ball
2-2: Foul Ball, location: 2F
2-2: Grounds into double play, 5-4-3 (Groundball, 5)
Bottom of the 4th over - 0 run(s), 2 hit(s), 0 error(s), 1 left on base; Waba 0 - Birmingham 1
TOP OF THE 5TH
Waba Ducks batting - Pitching for Birmingham Barons : RHP Stanley Briggs
Batting: RHB Jeremy Flemming 0-0: Ball
1-0: Ball
2-0: Called Strike
2-1: Called Strike
2-2: Foul Ball, location: 2F
2-2: Fly out, F8 (Flyball, 8RS)
Batting: LHB Howard Evans 0-0: Called Strike
0-1: Foul Ball, location: 2F
0-2: Ball
1-2: Foul Ball, location: 2F
1-2: Strikes out swinging
Batting: RHB Shaun Puckett 0-0: Ball
1-0: Called Strike
1-1: Ground out 5-3 (Groundball, 56)
Top of the 5th over - 0 run(s), 0 hit(s), 0 error(s), 0 left on base; Waba 0 - Birmingham 1
BOTTOM OF THE 5TH
Birmingham Barons batting - Pitching for Waba Ducks : RHP Fernando Guzmán
Batting: LHB Al Gaines 0-0: Ball
1-0: Foul Ball, location: 2F
1-1: Swinging Strike
1-2: Strikes out swinging
Batting: RHB Warren Martin 0-0: Called Strike
0-1: Ball
1-1: Fly out, F6 (Popup, 6D)
Batting: RHB Yujiro Kurihara 0-0: Ball
1-0: Foul Ball, location: 2F
1-1: Ball
2-1: Called Strike
2-2: Strikes out swinging
Bottom of the 5th over - 0 run(s), 0 hit(s), 0 error(s), 0 left on base; Waba 0 - Birmingham 1
TOP OF THE 6TH
Waba Ducks batting - Pitching for Birmingham Barons : RHP Stanley Briggs
Batting: RHB Ángelo García 0-0: Ball
1-0: Ball
2-0: TRIPLE (Line Drive, 89M)
Batting: LHB Javier Orozco 0-0: Called Strike
0-1: Ball
1-1: Fly out, F8 (Flyball, 8LM)
Runner from 3rd tags up, SCORES, throw made
Batting: RHB Pedro Molina 0-0: Called Strike
0-1: Swinging Strike
0-2: Ground out 6-3 (Groundball, 6)
Batting: LHB José Román 0-0: Ball
1-0: Ball
2-0: Ball
3-0: Ground out 5-3 (Groundball, 56)
Top of the 6th over - 1 run(s), 1 hit(s), 0 error(s), 0 left on base; Waba 1 - Birmingham 1
BOTTOM OF THE 6TH
Birmingham Barons batting - Pitching for Waba Ducks : RHP Fernando Guzmán
Batting: RHB Jean-Paul St-Pierre 0-0: Ball
1-0: Foul Ball, location: 2F
1-1: Called Strike
1-2: Foul Ball, location: 2F
1-2: Ball
2-2: Ball
3-2: Ground out U3 (Groundball, 34)
Batting: RHB Vicente Elías 0-0: Ball
1-0: Ball
2-0: Ball
3-0: Base on Balls
Pitching: RHP António Mata
Batting: RHB Peyton Yardley 0-0: Fielders Choice at 2nd, 6-4 (Groundball, 6)
Batting: RHB Juan Jiménez 0-0: Foul Ball, location: 2F
0-1: SINGLE (Groundball, 34D)
Peyton Yardley to second
Runner from 2nd tries for 3rd, SAFE, throw made to third
Batting: RHB José Carlos Caraballo 0-0: Reached on error, E6 (Groundball, 6)
Peyton Yardley scores
Juan Jiménez to second
Batting: RHB Vicente Carona 0-0: Ball
1-0: Foul Ball, location: 2F
1-1: Called Strike
1-2: Ball
2-2: Foul Ball, location: 2F
2-2: Strikes out swinging
Bottom of the 6th over - 1 run(s), 1 hit(s), 1 error(s), 2 left on base; Waba 1 - Birmingham 2
TOP OF THE 7TH
Waba Ducks batting - Pitching for Birmingham Barons : RHP Stanley Briggs
Batting: RHB Chris Osborn 0-0: Ball
1-0: SOLO HOME RUN (Flyball, 7D), Distance : 340 ft
Batting: RHB Paul Spencer 0-0: Ball
1-0: Foul Ball, location: 2F
1-1: Ball
2-1: Ground out 6-3 (Groundball, 6)
Batting: RHB Jeremy Flemming 0-0: Foul Ball, location: 2F
0-1: Ground out 6-3 (Groundball, 6)
Batting: LHB Howard Evans 0-0: Foul Ball, location: 2F
0-1: Swinging Strike
0-2: Foul Ball, location: 2F
0-2: SINGLE (Groundball, 4D)
Pinch Runner at 1st Reynaldo Gallegos:
Batting: RHB Shaun Puckett 0-0: Ball
Wild Pitch!
Reynaldo Gallegos to second
1-0: SINGLE (Flyball, 8RS)
Reynaldo Gallegos to third
Runner from 3rd tries for Home, SAFE, no throw
Batting: RHB Ángelo García 0-0: Foul Ball, location: 2F
0-1: Called Strike
0-2: Ball
1-2: Ball
2-2: Fly out, F8 (Line Drive, 8RS)
Top of the 7th over - 2 run(s), 3 hit(s), 0 error(s), 1 left on base; Waba 3 - Birmingham 2
BOTTOM OF THE 7TH
Birmingham Barons batting - Pitching for Waba Ducks : RHP António Mata
Pitching: LHP Felipe Rivera
Now at 3B: Ed Hunter
Batting: LHB Al Gaines 0-0: Foul Ball, location: 2F
0-1: Called Strike
0-2: Foul Ball, location: 2F
0-2: Ball
1-2: Strikes out swinging
Pitching: RHP Sergio Torres
Batting: RHB Warren Martin 0-0: Ball
1-0: Ground out 6-3 (Groundball, 6S)
Batting: RHB Yujiro Kurihara 0-0: Ball
1-0: Swinging Strike
1-1: Ground out 6-3 (Groundball, 6M)
Bottom of the 7th over - 0 run(s), 0 hit(s), 0 error(s), 0 left on base; Waba 3 - Birmingham 2
TOP OF THE 8TH
Waba Ducks batting - Pitching for Birmingham Barons : RHP Stanley Briggs
Batting: LHB Javier Orozco 0-0: Foul Ball, location: 2F
0-1: Ball
1-1: Swinging Strike
1-2: SINGLE (Groundball, 4M) (infield hit)
Pitching: RHP Guillermo Lozano
Batting: RHB Pedro Molina 0-0: Ball
1-0: Bunted foul
1-1: Bunted foul
1-2: Fly out, F7 (Flyball, 7LMF)
Batting: LHB José Román 0-0: Ball
1-0: Ball
2-0: Ball
Javier Orozco steals 2nd base
3-0: Intentional Walk
Batting: RHB Chris Osborn 0-0: Called Strike
0-1: Called Strike
Throwing error on steal attempt, E2
Javier Orozco scores
José Román to third
0-2: Ball
1-2: Ball
2-2: Fly out, F6 (Popup, 6)
Batting: RHB Paul Spencer 0-0: Ball
1-0: Foul Ball, location: 2F
1-1: Foul Ball, location: 2F
1-2: Ball
2-2: Strikes out swinging
Top of the 8th over - 1 run(s), 1 hit(s), 1 error(s), 1 left on base; Waba 4 - Birmingham 2
BOTTOM OF THE 8TH
Birmingham Barons batting - Pitching for Waba Ducks : RHP Sergio Torres
Batting: RHB Jean-Paul St-Pierre 0-0: SINGLE (Flyball, 9S)
Pitching: RHP Stan Stewart
Batting: RHB Vicente Elías 0-0: Called Strike
0-1: Foul Ball, location: 2F
0-2: Strikes out looking
Batting: RHB Peyton Yardley 0-0: Called Strike
0-1: Ball
1-1: Swinging Strike
1-2: Strikes out swinging
Batting: RHB Juan Jiménez 0-0: Swinging Strike
0-1: Called Strike
0-2: Ball
1-2: Ball
2-2: Ball
3-2: Strikes out swinging
Bottom of the 8th over - 0 run(s), 1 hit(s), 0 error(s), 1 left on base; Waba 4 - Birmingham 2
TOP OF THE 9TH
Waba Ducks batting - Pitching for Birmingham Barons : RHP Guillermo Lozano
Batting: RHB Jeremy Flemming 0-0: Ball
1-0: Ball
2-0: Foul Ball, location: 2F
2-1: Ball
3-1: Foul Ball, location: 2F
3-2: Ground out 5-3 (Groundball, 56)
Batting: SHB Ed Hunter 0-0: Ball
1-0: Called Strike
1-1: Swinging Strike
1-2: Ball
2-2: SINGLE (Groundball, 3D)
Batting: RHB Shaun Puckett 0-0: Grounds into double play, U6-3 (Groundball, 4MD)
Top of the 9th over - 0 run(s), 1 hit(s), 0 error(s), 0 left on base; Waba 4 - Birmingham 2
BOTTOM OF THE 9TH
Birmingham Barons batting - Pitching for Waba Ducks : RHP Stan Stewart
Pitching: RHP Bartolo Romo
Batting: RHB José Carlos Caraballo 0-0: Ball
1-0: Ball
2-0: Called Strike
2-1: Ball
3-1: Fly out, F5 (Popup, 5L)
Batting: RHB Vicente Carona 0-0: Ball
1-0: Ball
2-0: Ball
3-0: Called Strike
3-1: Foul Ball, location: 2F
3-2: Foul Ball, location: 2F
3-2: Base on Balls
Batting: LHB Al Gaines 0-0: Ball
1-0: Fielders Choice at 2nd, 3-6 (Groundball, 34)
Pinch Hitting: LHB Marc May 0-0: Fly out, F7 (Flyball, 7S)
Bottom of the 9th over - 0 run(s), 0 hit(s), 0 error(s), 1 left on base; Waba 4 - Birmingham 2
Thursday, March 30th, 2017 - OOTP Baseball 17.12 Build 75